 Dungeon Crawl Stone Soup version 0.24.0-13-gcf9b3192b9 (webtiles) character file.

Game seed: 9019599597574878527, levelgen mode: deterministic

805 FrothyCoffee the Chiller (level 7, 0/45 HPs)
             Began as an Octopode Ice Elementalist on Nov 9, 2019.
             Was an Initiate of Dithmenos.
             Slain by Grinder (11 damage)
             ... on level 4 of the Dungeon.
             The game lasted 00:43:09 (7050 turns).

FrothyCoffee the Chiller (OpIE)                     Turns: 7050, Time: 00:43:10

Health: 0/45       AC:  6    Str: 11    XL:     7   Next: 91%
Magic:  3/12       EV: 14    Int: 17    God:    Dithmenos [......]
Gold:   132        SH:  0    Dex: 12    Spells: 3/13 levels left

rFire    . . .     SeeInvis .   b - +3 whip (elec)
rCold    . . .     Gourm    .   (no shield)
rNeg     . . .     Faith    .   (helmet restricted)
rPois    .         Spirit   .   (no amulet)
rElec    .         Reflect  .   c - +3 ring of strength
rCorr    .         Harm     .   (no ring)
MR       .....     Clarity  +   (no ring)
Stlth    ++++......             (no ring)
HPRegen  0.15/turn              (no ring)
MPRegen  0.13/turn              (no ring)
                                (no ring)
                                (no ring)

@: icy armour, very slightly contaminated, hasted (expiring), very quick
A: almost no armour, stealthy swim, amphibious, 8 rings, constrict 8, camouflage
1, clarity, dopey 1, gelatinous body 1
a: Renounce Religion


You were on level 4 of the Dungeon.
You worshipped Dithmenos.
Dithmenos was noncommittal.
You were not hungry.

You visited 1 branch of the dungeon, and saw 4 of its levels.

You collected 132 gold pieces.

Inventory:

Hand Weapons
 a - a +0 dagger of freezing
 b - a +3 whip of electrocution (weapon)
 w - a +0 hunting sling
 z - a +0 trident
 A - a +0 dagger of speed
 C - a +0 falchion
Missiles
 e - 137 stones (quivered)
 t - 4 boomerangs
 x - 10 poisoned darts
Armour
 r - a +0 shield
Jewellery
 c - a +3 ring of strength (left tentacle)
Wands
 y - a wand of flame (26)
Scrolls
 g - 2 scrolls of enchant weapon
 j - a scroll of remove curse
 k - a scroll of fog {unknown}
 l - a scroll of magic mapping {unknown}
 s - a scroll of fear {unknown}
 B - a scroll of blinking {unknown}
Potions
 f - 2 potions of flight
 h - 2 potions of might
 p - a potion of curing {unknown}
 q - 3 potions of resistance
 u - a potion of ambrosia {unknown}
Comestibles
 i - 5 chunks of flesh
 v - 10 rations


   Skills:
 + Level 2.5 Fighting
 + Level 3.7 Dodging
 + Level 5.3 Stealth
 - Level 1.6 Shields
 + Level 3.6 Spellcasting
 - Level 1.0 Conjurations
 * Level 2.5 Summonings
 + Level 5.3 Ice Magic


You had 3 spell levels left.
You knew the following spells:

 Your Spells              Type           Power        Failure   Level  Hunger
a - Freeze                Ice            ###.         1%          1    None
b - Throw Frost           Conj/Ice       ##....       7%          2    ##.....
c - Ozocubu's Armour      Chrm/Ice       ##......     17%         3    ###....
d - Summon Ice Beast      Ice/Summ       ###.....     32%         4    ####...

Your spell library contained the following spells:

 Spells                   Type           Power        Failure   Level  Hunger
 Throw Icicle             Conj/Ice       ##......     41%         4    ####...


Dungeon Overview and Level Annotations

Branches:
Dungeon (4/15)
 Temple: D:4-7

Altars:
Dithmenos
Xom

Annotations:
D:3 exclusion: door
D:4 Grinder, Natasha


Innate Abilities, Weirdness & Mutations

You cannot wear most types of armour.
You are very stealthy in the water. (Stealth+)
You are amphibious.
You can wear up to eight rings at the same time.
You can use your tentacles to constrict eight enemies at once.
Your skin changes colour to match your surroundings (Stealth+).
Your rubbery body absorbs attacks. (AC +1, EV +1)
You possess an exceptional clarity of mind.
You are dopey. (Int -2)


Message History

Grinder opens the door.
What are your orders? t - Shout!
Orders for allies: a - Attack new target. r - Retreat! s - Stop attacking. g - Guard the area. f - Follow me.
Anything else - Cancel.
Gang up on whom?
Press: ? - help, Dir - move target cursor, f - Grinder
Aim: Grinder Attack!
You hit Grinder. You grab Grinder.
Grinder is lightly wounded.
You constrict Grinder.
Your ice beast completely misses Grinder.
You hit Grinder.
Grinder is moderately wounded.
You constrict Grinder, but do no damage.
Grinder hits you!
You die...

#######.######'#################
### ###............. ..#
#............. ..#
#............. ..#
#............. ###
###.............
#######.....##################
......#...[.#....#............
......#.....#..)@#............
......#...<.#...Y5....(..%.....#
......#.....#....#.............
......#.....#....#............
......#.....#....#......##...
#######.....######.##...# #'###
..........###.####.##...##....#
..........#...#.....#....#)...#
..........#...#.....#5...'....#


You could see Grinder and a friendly ice beast.

Vanquished Creatures
  Duvessa (D:4)
  A bullfrog (D:3)
  Dowan (D:4)
  2 orc priests
  A centaur skeleton (D:4)
  5 orc wizards
  Jessica (D:3)
  2 worker ants (D:4)
  Natasha (D:4)
  8 adders
  2 oozes
  An adder skeleton (D:4)
  2 dart slugs
  2 worms
  4 leopard geckos
  21 orcs
  A ball python (D:4)
  4 bats
  6 giant cockroaches
  11 goblins
  11 hobgoblins
  6 jackals
  8 kobolds
  A quokka (D:2)
  7 frilled lizards
  8 rats
118 creatures vanquished.

Vanquished Creatures (collateral kills)
  An ogre (D:4)
1 creature vanquished.

Grand Total: 119 creatures vanquished

Notes
Turn   | Place    | Note
-------+----------+-------------------------------------------
     0 | D:1      | FrothyCoffee the Octopode Ice Elementalist began the quest
                  | for the Orb.
     0 | D:1      | Reached XP level 1. HP: 11/11 MP: 3/3
   226 | D:1      | Reached XP level 2. HP: 9/17 MP: 3/5
   803 | D:1      | Reached XP level 3. HP: 17/21 MP: 0/6
  1874 | D:2      | Learned a level 2 spell: Throw Frost
  1878 | D:2      | Learned a level 3 spell: Ozocubu's Armour
  1981 | D:2      | Reached XP level 4. HP: 27/27 MP: 0/7
  3739 | D:3      | Noticed a bullfrog
  3818 | D:3      | Noticed Jessica
  3824 | D:3      | Killed Jessica
  3824 | D:3      | Reached skill level 1 in Fighting
  3824 | D:3      | Reached XP level 5. HP: 33/33 MP: 6/8
  4309 | D:4      | Found a shimmering altar of Xom.
  4309 | D:4      | Found a shimmering altar of Xom.
  4325 | D:4      | Found a shimmering altar of Xom.
  4325 | D:4      | Found a shimmering altar of Xom.
  4338 | D:4      | Noticed Natasha
  4345 | D:4      | Killed Natasha
  4345 | D:4      | Reached skill level 1 in Shields
  4475 | D:4      | Noticed Duvessa
  4475 | D:4      | Noticed Dowan
  4579 | D:4      | Reached XP level 6. HP: 20/38 MP: 6/10
  5617 | D:3      | Learned a level 4 spell: Summon Ice Beast
  5685 | D:3      | Reached skill level 5 in Ice Magic
  5685 | D:3      | Reached XP level 7. HP: 42/45 MP: 3/11
  5857 | D:3      | Reached skill level 1 in Summonings
  6101 | D:3      | Found a shadowy altar of Dithmenos.
  6110 | D:3      | Became a worshipper of Dithmenos the Shadowed
  6361 | D:4      | Noticed Natasha
  6795 | D:4      | Reached skill level 5 in Stealth
  7005 | D:4      | Noticed Grinder
  7008 | D:4      | Killed Duvessa
  7024 | D:4      | Gained mutation: You are dopey. (Int -2) [potion of
                  | mutation]
  7024 | D:4      | Gained mutation: You possess an exceptional clarity of
                  | mind. [potion of mutation]
  7031 | D:4      | Killed Dowan
  7050 | D:4      | Slain by Grinder

Levels and vault maps discovered:
D:1:      minmay_arrival_four_loops, layout_loops_corners,
          minmay_splitting_lines
D:2:      layout_basic, first_ration
D:3:      layout_basic, marbit_many_paths, uniq_jessica
D:4:      layout_gridville, xom_redecorated, uniq_grinder, uniq_duvessa,
          uniq_natasha

Skill      XL: |  1  2  3  4  5  6  7 |
---------------+----------------------+-----
Stealth        | 3 4 5 |  5.3
Ice Magic      | 4 5 |  5.3
Fighting       | 1 2 |  2.5
Shields        | 1 |  1.6
Dodging        | 3 |  3.7
Spellcasting   | 3 |  3.6
Summonings     | 2 |  2.5
Conjurations   | |  1.0

Action                   |  1- 3 |  4- 6 |  7- 9 || total
-------------------------+-------+-------+-------++-------
Melee: Club              |     7 |       |       ||     7
       Constrict         |     5 |    15 |    18 ||    38
       Tentacles         |     2 |    11 |    11 ||    24
       Short sword       |    11 |    29 |       ||    40
       Dagger            |       |    25 |     7 ||    32
       Whip              |       |    16 |    52 ||    68
 Fire: Hunting sling     |       |     7 |       ||     7
Throw: Boomerang         |    36 |     1 |       ||    37
       Stone             |     6 |       |     2 ||     8
       Dart              |       |       |     2 ||     2
 Cast: Freeze            |    33 |    40 |     3 ||    76
       Throw Frost       |     3 |    15 |     6 ||    24
       Ozocubu's Armour  |     1 |    10 |     6 ||    17
       Summon Ice Beast  |       |       |     2 ||     2
  Use: Scroll            |       |     4 |     3 ||     7
       Potion            |       |       |     3 ||     3
 Stab: Sleeping          |     9 |    10 |     3 ||    22
  Eat: Chunk             |     4 |    10 |     6 ||    20
       Ration            |       |     1 |       ||     1
Armor: Skin              |     5 |    18 |     6 ||    29
Dodge: Dodged            |    21 |    80 |    35 ||   136
